cohdb
Replays
Latest Replays
All Replays
Popular Replays
Top Player Replays
Match Explorer
How It Works
Community
CoH3 Stats
Reddit
Sign in to upload your games and track your stats! →
Sign in with Steam
Match 45343167
Unlisted
Match 45343167
Overview
Messages
Build Orders
End
Kradschützen Motorcycle Team
Selects Italian Combined Arms Battlegroup
Selects Bersaglieri Squad
Bersaglieri Squad
Bersaglieri Squad
250 Light Carrier
Selects Bersaglieri Bolster
Bersaglieri Squad
Construct Light Support Kompanie
Panzerjäger Mechanized Group
heybuy
dab
DebaKLeTV
SNIPER
0
0
Comments
sign in to comment!
No comments posted yet!